 Dungeon Crawl Stone Soup version 0.29.1-13-g9f3cf754e1 (webtiles) character file.

Game seed: 3801089738204806942

64 cheesebisquit the Chiller (level 4, -4/33 HPs)
             Began as a Ghoul Ice Elementalist on Jan 29, 2023.
             Slain by a water moccasin (8 damage)
             ... on level 3 of the Dungeon.
             The game lasted 00:07:19 (2820 turns).

cheesebisquit the Chiller (Ghoul Ice Elementalist)  Turns: 2820, Time: 00:07:19

Health: -4/33      AC:  5    Str: 11    XL:     4   Next: 12%
Magic:  0/7        EV: 12    Int: 12    God:
Gold:   129        SH:  0    Dex:  9    Spells: 7/8 levels left

rFire   . . .      SeeInvis .   (no weapon)
rCold   + . .      Faith    .   (no shield)
rNeg    + + +      Spirit   .   a - +0 robe
rPois   ∞          Reflect  .   (no helmet)
rElec   .          Harm     .   (no cloak)
rCorr   .          Rampage  .   r - +2 pair of gloves
Will    .....                   (no boots)
Stlth   ++........              (no amulet)
HPRegen 0.00/turn               i - ring of wizardry
MPRegen 0.10/turn               (no ring)

@: very slightly contaminated, inhibited regen
A: claws 1, cold resistance 1, negative energy resistance 3, inhibited
regeneration, torment resistance 2, devour on kill
a: no special abilities


You were on level 3 of the Dungeon.
You visited 1 branch of the dungeon, and saw 3 of its levels.

You collected 129 gold pieces.

Inventory:

Hand Weapons
 j - a +2 hand axe of flaming
Missiles
 c - 4 poisoned darts
Armour
 a - a +0 robe (worn)
 r - a +2 pair of gloves (worn)
Jewellery
 i - a ring of wizardry (left hand)
Wands
 s - a wand of iceblast (6)
Scrolls
 d - 3 scrolls of identify {unknown}
 g - a scroll of fog {unknown}
 h - a scroll of blinking {unknown}
 k - 2 scrolls of enchant weapon {unknown}
 l - a scroll of amnesia {unknown}
 q - a scroll of brand weapon {unknown}
Potions
 b - 2 potions of magic
 e - 2 potions of flight {unknown}
 f - a potion of haste {unknown}
 m - a potion of degeneration {unknown}
 n - a potion of curing {unknown}
 o - a potion of heal wounds {unknown}
 p - a potion of resistance {unknown}


   Skills:
 - Level 1.7 Dodging
 - Level 2.1 Stealth
 + Level 2.8 Spellcasting
 + Level 5.3 Ice Magic


You had 7 spell levels left.
You knew the following spells:

 Your Spells              Type           Power      Damage    Failure   Level
a - Freeze                Ice            56%        1d7       1%          1

Your spell library contained the following spells:

 Spells                   Type           Power      Damage    Failure   Level
 Frozen Ramparts          Ice            28%        1d5       3%          3
 Ozocubu's Armour         Ice            14%        N/A       3%          3
 Apportation              Tloc           2%         N/A       11%         1
 Necrotise                Necr           4%         1d4       11%         1
 Summon Small Mammal      Summ           4%         N/A       11%         1
 Poisonous Vapours        Pois/Air       2%         N/A       16%         2
 Hailstorm                Conj/Ice       8%         3d4       32%         4
 Corpse Rot               Necr/Pois/Air  1%         N/A       65%         4


Dungeon Overview and Level Annotations

Branches:
Dungeon (3/15)

Altars:

Shops:
D:2 *


Innate Abilities, Weirdness & Mutations

You are immune to poison.
You have sharp fingernails.
Your flesh is cold resistant. (rC+)
You are immune to negative energy. (rN+++)
You do not regenerate when monsters are visible.
You are immune to unholy pain and torment.
You thrive by killing the living.


Message History

The water moccasin bites you!
You barely miss the water moccasin.
The water moccasin is severely wounded.
The water moccasin bites you but does no damage.
You are too injured to fight recklessly!
You are too injured to fight recklessly!
You are too injured to fight recklessly!
Aiming: Freeze (safe; 1% risk of failure)
Press: ? - help, Q - select action, (/) - cycle Shift-Dir - straight line, f/p - water moccasin
Aim: a water moccasin (severely wounded, slow)
You freeze the water moccasin.
The water moccasin is almost dead.
The water moccasin seems to slow down.
You miss the water moccasin.
The water moccasin is almost dead.
The water moccasin closely misses you.
You miss the water moccasin.
The water moccasin is almost dead.
The water moccasin bites you.
You hit the water moccasin but do no damage.
The water moccasin is almost dead.
The water moccasin barely misses you.
You miss the water moccasin.
The water moccasin is almost dead.
The water moccasin bites you but does no damage.
You miss the water moccasin.
The water moccasin is almost dead.
The water moccasin bites you but does no damage.
Aiming: Freeze (safe; 1% risk of failure)
Press: ? - help, Q - select action, (/) - cycle Shift-Dir - straight line, f/p - water moccasin
Aim: a water moccasin (almost dead, slow)
You miscast Freeze.
You are very lightly contaminated with residual magic.
Nothing appears to happen.
The water moccasin bites you!
* * * LOW HITPOINT WARNING * * *
You hit the water moccasin but do no damage.
The water moccasin is almost dead.
The water moccasin bites you!
You die...

.# ########.#.#
.........#.#
.........#.#
########
.....l...#.#
#.....<#
.........#.#
#.######
.........#.# #.#
........##.## #.#
....##.lS@..####.###
# #####..##.....#
#..##.#..###
#..##.#....#
#..##.#..###
#..##.#..#
#..##†#..#
#..##.#..#
#.....#..#


You could see a water moccasin (slow) and a frilled lizard.

Vanquished Creatures
  2 adders (D:2)
  A worm (D:3)
  3 dart slugs
  2 endoplasms
  2 giant cockroaches
  2 goblins (D:1)
  7 hobgoblins
  2 quokkas (D:1)
  3 ball pythons
  4 bats
  4 frilled lizards
  2 kobolds
  A rat (D:1)
35 creatures vanquished.

Vanquished Creatures (others)
  A demonic plant (D:1)
  2 fungi (D:1)
3 creatures vanquished.

Grand Total: 38 creatures vanquished

Notes
Turn   | Place    | Note
-------+----------+-------------------------------------------
     0 | D:1      | cheesebisquit the Ghoul Ice Elementalist began the quest
                  | for the Orb.
     0 | D:1      | Reached XP level 1. HP: 14/14 MP: 2/2
    98 | D:1      | Found a faded altar of an unknown god.
   115 | D:1      | Reached XP level 2. HP: 6/20 MP: 0/4
  1535 | D:2      | Reached XP level 3. HP: 23/26 MP: 3/5
  1730 | D:2      | Reached skill level 5 in Ice Magic
  2162 | D:2      | Identified the +1 plate armour of the Uplifting Gods {Harm
                  | *Slow rF+++ Dex-4}
  2501 | D:2      | Found Fofis's General Store.
  2639 | D:3      | Reached XP level 4. HP: 24/33 MP: 0/7
  2793 | D:3      | Noticed a water moccasin
  2820 | D:3      | Slain by a water moccasin

Illustrated notes

Levels and vault maps discovered:
D:1:      grunt_arrival_lava_bath, layout_basic, shapermc_ecumenical_altar_gd
D:2:      layout_basic, serial_shops, nicolae_shop_behind_doors
D:3:      layout_basic, uniq_crazy_yiuf_cottage

Skill      XL: |  1  2  3 |
---------------+----------+-----
Spellcasting   | 2 |  2.8
Ice Magic      | 5 |  5.3
Dodging        | |  1.7
Stealth        | |  2.1

Action                   |  1- 3 |  4- 6 || total
-------------------------+-------+-------++-------
Melee: Unarmed           |    69 |    24 ||    93
 Cast: Freeze            |    48 |     9 ||    57
Armor: Robe              |    31 |    15 ||    46
Dodge: Dodged            |    64 |    21 ||    85
